 Dungeon Crawl Stone Soup version 0.32-a0-329-ge6c31236d6 (webtiles) character file.

Game seed: 17498559853145966177

175 n00bmints the Cudgeller (level 5, 0/45 HPs)
             Began as an Armataur Berserker on Feb 17, 2024.
             Was a Believer of Trog.
             Succumbed to a scorpion's poison
             ... on level 4 of the Dungeon.
             The game lasted 00:10:35 (2387 turns).

n00bmints the Cudgeller (Armataur Berserker)        Turns: 2387, Time: 00:10:36

Health: 0/45       AC:  9    Str: 24    XL:     5   Next: 29%
Magic:  14/14      EV:  9    Int: 10    God:    Trog [**....]
Gold:   171        SH:  0    Dex: 12    Spells: 4/4 levels left

rFire   + . .        a - +0 mace
rCold   . . .        (no shield)
rNeg    . . .        p - +2 ring mail {rF+}
rPois   .            (no helmet)
rElec   .            (no cloak)
rCorr   .            w - +0 pair of gloves of Instinct {MP+9 Int+3 Dex+2}
SInv    .            (no barding)
Will    .....        (no amulet)
Stlth   +            (no ring)
HPRegen 0.27/turn    (no ring)
MPRegen 0.14/turn

%: roll
@: lethally poisoned (0 -> -3), on berserk cooldown, slowed, very slow
A: large, deformed body, tough skin 3, armoured tail, roll 1
a: Renounce Religion, Berserk, Trog's Hand


You were on level 4 of the Dungeon.
You worshipped Trog.
Trog was pleased with you.
You visited 1 branch of the dungeon, and saw 4 of its levels.

You collected 171 gold pieces.

Inventory:

Hand Weapons
 a - a +0 mace (weapon)
 h - a +0 war axe
Armour
 p - a +2 ring mail of fire resistance (worn)
 w - the +0 pair of gloves of Instinct (worn) {MP+9 Int+3 Dex+2}
   (You found it on level 4 of the Dungeon)

   Int+3:     It affects your intelligence (+3).
   Dex+2:     It affects your dexterity (+2).
   MP+9:      It affects your magic capacity (+9).
Jewellery
 u - the ring of Skepticism {Fly rN+++ Will+ Dex-3 Slay+2}
   (You found it on level 3 of the Dungeon)

   [ring of flight]

   Dex-3:     It affects your dexterity (-3).
   Slay+2:    It affects your accuracy & damage with ranged weapons and melee
   (+2).
   rN+++:     It renders you almost immune to negative energy.
   Will+:     It increases your willpower.
   Fly:       It grants you flight.
Wands
 s - a wand of mindburst (8)
 v - a wand of digging (5)
Scrolls
 b - 2 scrolls of teleportation {unknown}
 d - 2 scrolls of vulnerability {unknown}
 f - 2 scrolls of amnesia {unknown}
 g - 3 scrolls of fog {unknown}
 i - a scroll of blinking {unknown}
 k - 2 scrolls of fear {unknown}
 l - a scroll of identify {unknown}
 o - 2 scrolls of torment {unknown}
 q - a scroll of revelation {unknown}
 t - a scroll of enchant armour {unknown}
Potions
 c - a potion of ambrosia {unknown}
 e - a potion of curing {unknown}
 j - 2 potions of heal wounds {unknown}
 m - a potion of attraction {unknown}
 n - a potion of magic {unknown}
 r - a potion of cancellation {unknown}
 x - a potion of lignification {unknown}
 z - a potion of berserk rage {unknown}


   Skills:
 + Level 3.4 Fighting
 + Level 4.1 Maces & Flails
 + Level 3.7 Armour
 + Level 2.0 Dodging


You had 4 spell levels left.
You didn't know any spells.
Your spell library was empty.

Dungeon Overview and Level Annotations

Branches:
Dungeon (4/15)
 Temple: D:4-7

Altars:
Kikubaaqudgha
Vehumet
Yredelemnul

Shops:
D:2 ([**


Innate Abilities, Weirdness & Mutations

Armour fits poorly on your strangely shaped body.
You have extremely tough skin. (AC +3)
You have a long armoured tail.
You regenerate magic when rolling toward enemies. (Rampage MPRegen)


Message History

You feel sick.
The scorpion stings you but does no damage.
You barely miss the scorpion.
The scorpion is moderately wounded.
You feel sick.
The iguana bites you but does no damage.
The scorpion stings you but does no damage.
You hit the scorpion.
Your tail-slap misses the scorpion.
The scorpion is heavily wounded.
You feel sick. The scorpion stings you.
You are more poisoned.
The scorpion poisons you! The iguana bites you.
* * * LOW HITPOINT WARNING * * *
The scorpion stings you.
* * * LOW HITPOINT WARNING * * *
The iguana barely misses you.
A red film seems to cover your vision as you go berserk!
You feel yourself moving faster!
You feel mighty!
You feel sick. The scorpion stings you.
* * * LOW HITPOINT WARNING * * *
The iguana bites you but does no damage.
You barely miss the iguana.
* * * LOW HITPOINT WARNING * * *
You feel sick.
The scorpion stings you but does no damage.
You sock the iguana!
You kill the iguana!
Trog accepts your kill.
* * * LOW HITPOINT WARNING * * *
You feel sick. The scorpion closely misses you.
* * * LOW HITPOINT WARNING * * *
You feel sick.
You see here an iguana corpse.
You feel a strong urge to attack something.
* * * LOW HITPOINT WARNING * * *
You feel sick.
You feel your anger nearly subside.
You are no longer berserk.
You are exhausted.
You feel yourself slow down.
You die...

#.......... #....#
##S#._..... #....#
#K#....... ######....#
#g#....... ..........#
#.#.......
.>........######s########
..........##.......#
..........##.[.....#
.>........##....@..#
...........'.......#
.........###.......#
######.### #.......#
#####....# #########
#........# ############
#........########
#....<.....#
#........'......#
#..........#
##.......######.#
#..........#


You could see a scorpion, an adder, a hobgoblin and a kobold.

Vanquished Creatures
  An iguana (D:4)
  4 adders
  2 ribbon worms (D:2)
  3 dart slugs
  An orc (D:3)
  3 endoplasms
  3 giant cockroaches
  8 goblins
  4 hobgoblins
  6 jackals
  2 quokkas
  4 ball pythons
  7 frilled lizards
  5 kobolds
  7 rats
60 creatures vanquished.

Notes
Turn   | Place    | Note
-------+----------+-------------------------------------------
     0 | D:1      | n00bmints the Armataur Berserker began the quest for the
                  | Orb.
     0 | D:1      | Reached XP level 1. HP: 18/18 MP: 1/1
   158 | D:1      | Reached skill level 3 in Maces & Flails
   158 | D:1      | Reached XP level 2. HP: 23/25 MP: 2/2
   440 | D:1      | Reached XP level 3. HP: 31/31 MP: 3/3
   752 | D:2      | Found Yhemeah's Armour Boutique.
   773 | D:2      | Reached ** piety under Trog
   808 | D:2      | Found Vegigyr's General Store.
   911 | D:2      | Found Tiomin's General Store.
   983 | D:2      | Reached XP level 4. HP: 31/38 MP: 4/4
   998 | D:2      | Found an ancient bone altar of Kikubaaqudgha.
  1288 | D:2      | Found Riockeuh's Weapon Shop.
  1804 | D:3      | Found a faded altar of an unknown god.
  1834 | D:3      | Reached skill level 4 in Maces & Flails
  1981 | D:3      | Found a basalt altar of Yredelemnul.
  1996 | D:3      | Reached XP level 5. HP: 44/45 MP: 5/5
  2200 | D:3      | Identified the ring of Skepticism {Fly rN+++ Will+ Dex-3
                  | Slay+2}
  2264 | D:4      | Identified the +0 pair of gloves of Instinct {MP+9 Int+3
                  | Dex+2}
  2365 | D:4      | Found a radiant altar of Vehumet.
  2383 | D:4      | HP: 3/67 [poisoned by a scorpion]
  2385 | D:4      | HP: 1/67 [poisoned by a scorpion]
  2387 | D:4      | Succumbed to a scorpion's poison

Illustrated notes

Levels and vault maps discovered:
D:1:      saegor_arrival_simple_a, layout_loops_ring
D:2:      layout_basic, serial_shops, nicolae_shop_window_shopping, shop,
          nicolae_shop_rolling_square, nicolae_shop_hallway_stairs, basic_altar,
          minmay_misc_feat_roman, minmay_pentomino_p2
D:3:      layout_rooms, mainiacjoe_overflow_tiny_flanked,
          chequers_ecumenical_altar_simple
D:4:      layout_basic, overflow_temple_1_default, nicolae_titane, uniq_menkaure

Skill      XL: |  1  2  3  4  5 |
---------------+----------------+-----
Maces & Flails | 3 4 |  4.1
Fighting       | 3 |  3.4
Armour         | 3 |  3.7
Dodging        | 2 |  2.0

Action                     |  1- 3 |  4- 6 || total
---------------------------+-------+-------++-------
  Melee: Mace              |    90 |    96 ||   186
         Tailslap          |     9 |     7 ||    16
 Invoke: Berserk           |       |     1 ||     1
 Armour: Scale mail        |    56 |       ||    56
         Chain mail        |    22 |    35 ||    57
         Ring mail         |       |    94 ||    94
  Dodge: Dodged            |    42 |    64 ||   106

Table legend: (Time is in decaauts)
 A = Elapsed time spent in this place.
 B = Non-inter-level travel time spent in this place.
 C = Inter-level travel time spent in this place.
 D = Time resting spent in this place.
 E = Time spent auto-exploring this place.
 F = Levels seen in this place.
 G = Mean time per level.
                   A        B        C        D        E       F      G
               +--------+--------+--------+--------+--------+-----+--------+
         Total |   2425 |   2329 |     96 |      0 |   1126 |   4 |  606.2 |
       Dungeon |   2425 |   2329 |     96 |      0 |   1126 |   4 |  606.2 |
               +--------+--------+--------+--------+--------+-----+--------+

Top non-repeatable levels by time:
     D:2: 924 daAuts
     D:1: 748 daAuts
     D:3: 619 daAuts
     D:4: 133 daAuts
